AoeStats
← CapitanGarfio

Arabia

510245350Analyzed
1v1 RM · 1d ago on Sep 30, 2026· 80m 14s· 2 players
Game mode
Random Map
Map size
Tiny (2 player)
Population
200
Speed
Normal
Resources
Standard
Victory
Conquest
Starting age
Dark Age
Ending age
Imperial Age
RankedLock teamsTeams togetherTeam positionsShared explorationLock speedFull tech treeHidden civsTurbo modeCheats
Victory
Defeat
🇲🇽 Byzantines · Mexico
425
+23
🇳🇿 Gurjaras · New Zealand
578
-23
CapitanGarfio
1:44 Loom
10:31 Feudal Age
12:07 Wheelbarrow
11:16 Horse Collar
11:24 Double-Bit Axe
27:47 Castle Age
30:08 Pikeman
30:48 Squires
30:11 Elite Skirmisher
30:14 Light Cavalry
31:23 Scale Mail Armor
32:27 Heavy Plow
34:10 Bow Saw
36:30 Hand Cart
36:27 Forging
36:32 Chain Mail Armor
36:18 Padded Archer Armor
36:08 Fletching
38:20 Iron Casting
37:51 Scale Barding Armor
42:50 Imperial Age
41:24 Gold Mining
41:25 Stone Mining
41:32 Bodkin Arrow
41:53 Leather Archer Armor
41:58 Chain Barding Armor
44:04 Greek Fire
44:22 Bracer
44:52 Ring Archer Armor
45:07 Ballistics
45:47 Chemistry
49:06 Halberdier
51:13 Two-Man Saw
50:49 Plate Mail Armor
50:52 Crop Rotation
51:02 Gold Shaft Mining
51:02 Stone Shaft Mining
51:37 Hussar
57:07 Elite Cataphract
59:17 Logistica
HiddenSight
3:45 Loom
9:09 Feudal Age
10:06 Double-Bit Axe
11:47 Horse Collar
16:56 Wheelbarrow
17:55 Fletching
20:58 Castle Age
20:47 Padded Archer Armor
20:58 Forging
22:57 Thumb Ring
22:14 Crossbowman
23:47 Bodkin Arrow
24:07 Leather Archer Armor
25:20 Iron Casting
32:06 Leather Archer Armor
31:56 Scale Barding Armor
31:52 Scale Mail Armor
34:06 Hand Cart
35:25 Bloodlines
35:55 Husbandry
41:31 Imperial Age
39:22 Gold Mining
39:30 Town Watch
40:33 Kshatriyas
43:11 Man-at-Arms
44:20 Chain Mail Armor
44:23 Long Swordsman
45:31 Two-Handed Swordsman
47:04 Arson
46:46 Light Cavalry
47:27 Elite Skirmisher
49:11 Gold Shaft Mining
51:33 Heavy Camel Rider
57:43 Hussar
57:48 Elite Elephant Archer
60:34 Elite Chakram Thrower
63:28 Plate Mail Armor
64:00 Conscription
75:29 Onager
76:49 Heavy Plow
77:04 Bow Saw
Connection lost

Rejoining the realm…

Still unreachable

The connection could not be restored.

Session expired

The server has moved on; the page needs a fresh start.